 Dungeon Crawl Stone Soup version 0.21.1-1-g345015f (webtiles) character file.

11874 Kagorn the Fighter (level 11, -13/74 HPs)
             Began as a Gargoyle Fighter on June 13, 2018.
             Was an Elder of Dithmenos.
             Mangled by a red ugly thing (23 damage)
             ... on level 12 of the Dungeon.
             The game lasted 01:26:20 (8284 turns).

Kagorn the Fighter (Gargoyle Fighter)               Turns: 8284, Time: 01:26:21

Health: -13/74     AC: 31    Str: 21    XL:     11   Next: 84%
Magic:  12/12      EV: 10    Int:  8    God:    Dithmenos [****..]
Gold:   695        SH: 11    Dex: 12    Spells: 10/11 levels left

rFire    . . .     SeeInvis .   w - +7 captain's cutlass {speed, disarm}
rCold    . . .     Gourm    +   c - +0 shield
rNeg     + . .     Faith    .   n - +3 shadow dragon scales
rPois    ∞         Spirit   .   i - +2 helmet
rElec    +         Reflect  .   M - +0 cloak
rCorr    .         Harm     .   L - +0 pair of gloves
MR       .....                  (no boots)
Stlth    +++++++...             l - amulet of the gourmand
HPRegen  0.22/turn              (no ring)
MPRegen  0.13/turn              (no ring)

@: wreathed by umbra
A: big wings, negative energy resistance 1, shaggy fur 1, electricity
resistance, unbreathing, evolution 1, petrification resistance, rot immunity,
sturdy frame 1, AC +8
a: Fly, Shadow Step, Renounce Religion


You were on level 12 of the Dungeon.
You worshipped Dithmenos.
Dithmenos was greatly pleased with you.
You were completely stuffed.

You visited 2 branches of the dungeon, and saw 13 of its levels.

You collected 695 gold pieces.

Inventory:

Hand Weapons
 o - a +1 short sword of venom
 s - a +1 whip of freezing
 w - the +7 captain's cutlass (weapon) {speed, disarm}
   (You found it on level 4 of the Dungeon)

   Attacks with this weapon are significantly faster.
 A - a +1 mace of protection
 C - a +2 whip of electrocution
 D - a +0 blowgun
 P - a +0 trident of holy wrath
 S - a +0 mace of protection
 T - a +0 dagger
Missiles
 t - 8 javelins (quivered)
 E - 13 curare-tipped needles
 G - 23 poisoned needles
Armour
 c - a +0 shield (worn)
 i - a +2 helmet (worn)
 n - +3 shadow dragon scales (worn)
 L - a +0 pair of gloves (worn)
 M - a +0 cloak (worn)
 N - a +0 buckler
Jewellery
 a - a cursed ring of teleportation {unknown}
 l - an amulet of the gourmand (around neck)
 H - an uncursed amulet of harm
 I - an uncursed ring of protection from cold
 O - an uncursed ring of ice
Scrolls
 b - 5 scrolls of enchant weapon
 e - a scroll of random uselessness
 g - 5 scrolls of identify
 h - a scroll of remove curse
 j - a scroll of amnesia
 m - 5 scrolls of teleportation
 q - a scroll of magic mapping
 v - 2 scrolls of fear
 y - a scroll of summoning {unknown}
 B - a scroll of blinking
Potions
 d - 2 potions of might
 k - a potion of magic {unknown}
 p - a potion of agility
 r - 2 potions of flight
 z - a potion of berserk rage {unknown}
 J - 2 potions of brilliance {unknown}
 Q - 2 potions of haste
Books
 u - a book of Summonings

   Spells                             Type                      Level
   a - Recall                         Summoning/Translocation      3
   b - Aura of Abjuration             Summoning                    5
   c - Summon Demon                   Summoning                    5
   d - Summon Forest                  Summoning/Translocation      5
   e - Summon Mana Viper              Hexes/Summoning              5
   f - Shadow Creatures               Summoning                    6
 x - a book of Geomancy

   Spells                             Type                      Level
   a - Sandblast                      Earth                        1
   b - Passwall                       Transmutation/Earth          2
   c - Stone Arrow                    Conjuration/Earth            3
   d - Petrify                        Transmutation/Earth          4
   e - Lee's Rapid Deconstruction     Earth                        5
 K - a book of Cantrips

   Spells                             Type                      Level
   a - Confusing Touch                Hexes                        1
   b - Animate Skeleton               Necromancy                   1
   c - Summon Small Mammal            Summoning                    1
   d - Apportation                    Translocation                1
Comestibles
 f - 29 rations
 F - 3 chunks of flesh


   Skills:
 * Level 11.2 Fighting
 * Level 6.2 Short Blades
   Level 2.3 Axes
 + Level 8.3 Armour
 + Level 5.6 Dodging
 + Level 8.2 Stealth
 + Level 8.3 Shields
 + Level 0.7 Spellcasting
 + Level 1.1 Earth Magic
 + Level 1.0 Invocations


You had 10 spell levels left.
You knew the following spells:

 Your Spells              Type           Power        Failure   Level  Hunger
a - Sandblast             Erth           #.....       95%         1    ##.....


Dungeon Overview and Level Annotations

Branches:
Dungeon (12/15)            Temple (1/1) D:6            Lair (0/6) D:11
    Orc: D:9-12

Altars:
Ashenzari
Cheibriados
Dithmenos
Elyvilon
Fedhas
Gozag
Hepliaklqana
Kikubaaqudgha
Makhleb
Nemelex Xobeh
Okawaru
Qazlal
Ru
Sif Muna
Trog
Uskayaw
Vehumet
Wu Jian
Xom
Yredelemnul
Zin
The Shining One

Shops:
D:7 (


Innate Abilities, Weirdness & Mutations

You are resistant to torment.
Your stone body is resilient. (AC +8)
You are immune to poison.
You resist negative energy. (rN+)
You are resistant to electric shocks. (rElec)
You can survive without breathing.
You are immune to petrification.
You are immune to rotting.
Your large and strong wings let you fly indefinitely.
You are covered in fur. (AC +1)
You evolve.
Your movements are slightly less encumbered by armour. (ER -2)


Message History

You hit the red ugly thing.
The red ugly thing is severely wounded.
The red ugly thing closely misses you.
You hit the red ugly thing.
The red ugly thing is severely wounded.
You barely miss the red ugly thing.
The red ugly thing is severely wounded.
Your shadow misses the red ugly thing.
The red ugly thing bites you but does no damage.
You puncture the red ugly thing!
The red ugly thing is almost dead.
You block the red ugly thing's attack.
You hit the red ugly thing.
The red ugly thing is almost dead.
You puncture the red ugly thing!
The red ugly thing is almost dead.
The red ugly thing bites you.
* * * LOW HITPOINT WARNING * * *
You are engulfed in flames!!
You die...

#..
#.#
#..
#.. #
#.#.#
#.#.#
##u..#
#.@..#
#.##.#
#. #
#. #.
.. ..
..


You could see a red ugly thing.

Vanquished Creatures
  Erica (D:11)
  3 two-headed ogres
  The ghost of w0lly the Magician, a novice GnSk of Wu Jian (D:7)
  2 unseen horrors (D:10)
  Pikel (D:4)
  Maurice (D:8)
  A centaur zombie (D:11)
  Psyche (D:8)
  Prince Ribbit (D:7)
  Grinder (D:3)
  2 hornets (D:9)
  4 hippogriffs
  A shadow (D:11)
  Edmund (D:4)
  Duvessa (D:7)
  2 slaves (D:4)
  A necrophage (D:9)
  2 black bears
  2 orc warriors
  3 ice beasts
  A sky beast (D:8)
  2 ogres (D:4)
  3 centaurs
  2 big kobolds
  5 bullfrogs
  Dowan (D:7)
  The ghost of inc the Skirmisher, a weakling OgHu (D:4)
  2 scorpions
  15 killer bees
  5 howler monkeys
  4 crimson imps
  2 hounds
  A bullfrog skeleton (D:8)
  7 orc priests
  Crazy Yiuf (D:4)
  3 jellies
  9 orc wizards
  3 centaur skeletons
  3 iguanas
  9 worker ants
  2 hound zombies
  A worker ant zombie (D:10)
  2 howler monkey skeletons
  13 adders
  3 shadow imps
  An adder zombie (D:6)
  5 worms
  2 dart slugs (D:1)
  2 leopard geckos
  27 orcs
  5 bats
  4 giant cockroaches
  10 goblins
  10 hobgoblins
  5 jackals
  2 quokkas (D:10)
  10 frilled lizards
  14 kobolds
  2 leopard gecko skeletons (D:4)
  A quokka skeleton (D:4)
  4 rats
236 creatures vanquished.

Notes
Turn   | Place    | Note
-------+----------+-------------------------------------------
     0 | D:1      | Kagorn the Gargoyle Fighter began the quest for the Orb.
     0 | D:1      | Reached XP level 1. HP: 14/14 MP: 1/1
   387 | D:1      | Reached XP level 2. HP: 17/19 MP: 2/2
   634 | D:1      | Reached skill level 1 in Stealth
   677 | D:1      | Reached XP level 3. HP: 23/23 MP: 3/3
  1534 | D:2      | Reached XP level 4. HP: 28/29 MP: 4/4
  1660 | D:2      | Found a white marble altar of Elyvilon.
  1715 | D:2      | Found a shadowy altar of Dithmenos.
  1723 | D:2      | Became a worshipper of Dithmenos the Shadowed
  2023 | D:3      | Reached skill level 4 in Fighting
  2080 | D:3      | Noticed Grinder
  2082 | D:3      | Paralysed by Grinder for 2 turns
  2118 | D:2      | Gained mutation: You evolve. [potion of mutation]
  2118 | D:2      | Gained mutation: Your movements are slightly less encumbered by armour. (ER -2) [potion of mutation]
  2118 | D:2      | Gained mutation: You are covered in fur. (AC +1) [potion of mutation]
  2179 | D:3      | Paralysed by Grinder for 7 turns
  2191 | D:3      | Killed Grinder
  2191 | D:3      | Reached skill level 1 in Short Blades
  2191 | D:3      | Reached skill level 1 in Dodging
  2191 | D:3      | Reached XP level 5. HP: 12/34 MP: 5/5
  2191 | D:3      | Reached XP level 6. HP: 14/40 MP: 6/6
  2405 | D:3      | Noticed a hand axe
  2406 | D:3      | Noticed a dagger
  2406 | D:3      | Found a hide-covered altar of Uskayaw.
  2614 | D:3      | Found a shimmering altar of Xom.
  2771 | D:4      | Noticed inc's ghost (weakling OgHu)
  2805 | D:4      | Killed inc's ghost
  2805 | D:4      | Reached skill level 5 in Fighting
  2832 | D:4      | Noticed Pikel
  2832 | D:4      | Noticed a slave
  2833 | D:4      | Noticed a slave
  2846 | D:4      | Killed a slave
  2850 | D:4      | Noticed a slave
  2867 | D:4      | Killed Pikel
  2867 | D:4      | Reached XP level 7. HP: 37/45 MP: 7/7
  2908 | D:4      | Reached skill level 6 in Fighting
  2920 | D:4      | Reached XP level 8. HP: 24/51 MP: 8/8
  2926 | D:4      | Reached skill level 5 in Shields
  3002 | D:4      | Reached skill level 5 in Armour
  3038 | D:4      | Found an iron altar of Okawaru.
  3049 | D:4      | Found the +7 captain's cutlass {speed, disarm}
  3134 | D:4      | Noticed Edmund
  3144 | D:4      | Killed Edmund
  3214 | D:4      | Reached * piety under Dithmenos
  3322 | D:4      | Found a runed door.
  3326 | D:4      | Noticed Crazy Yiuf
  3330 | D:4      | Killed Crazy Yiuf
  3616 | D:5      | Entered Level 5 of the Dungeon
  3630 | D:5      | Got a shimmering ring mail
  3637 | D:5      | Identified the +1 ring mail "Diefoh" {rPois rF+ MR+} (You found it on level 5 of the Dungeon)
  3925 | D:5      | Reached skill level 7 in Fighting
  4315 | D:6      | Found a shadowy altar of Dithmenos.
  4383 | D:6      | Reached XP level 9. HP: 57/57 MP: 9/9
  4705 | D:6      | Found a staircase to the Ecumenical Temple.
  4711 | Temple   | Entered the Ecumenical Temple
  4947 | D:7      | Reached ** piety under Dithmenos
  4955 | D:7      | Noticed w0lly's ghost (novice GnSk)
  4993 | D:7      | Killed w0lly's ghost
  4993 | D:7      | Reached skill level 5 in Stealth
  5034 | D:7      | Found a stormy altar of Qazlal.
  5060 | D:7      | Noticed Prince Ribbit
  5061 | D:7      | Reached skill level 8 in Fighting
  5106 | D:7      | Found Itialurph's Weapon Shop.
  5185 | D:7      | Noticed Duvessa
  5188 | D:7      | Noticed Dowan
  5190 | D:7      | Gained mutation: Your large and strong wings let you fly indefinitely. [evolution]
  5206 | D:7      | Killed Duvessa
  5208 | D:7      | Killed Dowan
  5465 | D:7      | Killed Prince Ribbit
  5731 | D:7      | Found a deep blue altar of Sif Muna.
  5868 | D:8      | Noticed a two-headed ogre
  5874 | D:8      | Noticed a two-headed ogre
  5877 | D:8      | Killed a two-headed ogre
  5877 | D:8      | Reached skill level 9 in Fighting
  5877 | D:8      | Reached XP level 10. HP: 47/66 MP: 10/10
  5885 | D:8      | Killed a two-headed ogre
  6113 | D:8      | Found a hazy altar of Hepliaklqana.
  6223 | D:8      | Noticed Psyche
  6226 | D:8      | Killed Psyche
  6284 | D:8      | Noticed Maurice
  6292 | D:8      | Killed Maurice
  6410 | D:8      | Reached skill level 5 in Short Blades
  6804 | D:9      | Reached *** piety under Dithmenos
  6900 | D:9      | Found a bloodstained altar of Trog.
  7005 | D:9      | Reached skill level 10 in Fighting
  7048 | D:9      | Reached XP level 11. HP: 71/72 MP: 11/11
  7215 | D:9      | Reached skill level 5 in Dodging
  7224 | D:9      | Noticed a two-headed ogre
  7238 | D:9      | Killed a two-headed ogre
  7371 | D:9      | Found a radiant altar of Vehumet.
  7445 | D:10     | Entered Level 10 of the Dungeon
  7501 | D:10     | Reached **** piety under Dithmenos
  7642 | D:10     | Killed an unseen horror
  7838 | D:10     | Killed an unseen horror
  7838 | D:10     | Reached skill level 11 in Fighting
  8025 | D:10     | Learned a level 1 spell: Sandblast
  8156 | D:11     | Found a staircase to the Lair.
  8233 | D:11     | Noticed Erica
  8243 | D:11     | Noticed a red ugly thing
  8260 | D:11     | Killed Erica
  8260 | D:11     | Reached skill level 1 in Earth Magic
  8260 | D:11     | Reached skill level 1 in Invocations
  8284 | D:12     | Mangled by a red ugly thing

Skill      XL: |  1  2  3  4  5  6  7  8  9 10 11 |
---------------+----------------------------------+-----
Axes           | 2 |  2.3
Stealth        | 1 2 3 4 6 7 8 |  8.2
Fighting       | 4 5 6 7 9 10 11 | 11.2
Short Blades   | 1 2 3 4 5 6 |  6.2
Armour         | 4 5 6 7 8 |  8.3
Dodging        | 1 2 3 4 5 |  5.6
Shields        | 4 5 6 7 8 |  8.3
Earth Magic    | 1 |  1.1
Invocations    | 1 |  1.0
Spellcasting   | |  0.7

Action                   |  1- 3 |  4- 6 |  7- 9 | 10-12 || total
-------------------------+-------+-------+-------+-------++-------
Melee: War axe           |   132 |       |       |       ||   132
       Short sword       |    12 |   127 |    20 |       ||   159
       Cutlass           |       |       |   210 |   415 ||   625
Invok: Shadow Step       |       |       |       |     3 ||     3
  Use: Scroll            |       |     6 |     8 |     5 ||    19
       Potion            |       |     4 |     2 |     2 ||     8
 Stab: Sleeping          |     5 |     2 |    17 |    18 ||    42
  Eat: Chunk             |     9 |     8 |     9 |    10 ||    36
Armor: Scale mail        |    39 |       |       |       ||    39
       Shadow dragon sca |    35 |    79 |    65 |   364 ||   543
       Ring mail         |     9 |       |       |       ||     9
Dodge: Dodged            |    35 |    23 |    57 |   157 ||   272
Block: Shield            |    62 |    40 |    72 |   249 ||   423
